 Dungeon Crawl Stone Soup version 0.30-a0-365-ge7f957f1db (webtiles) character file.

Game seed: 4670949056371971962

10203 Hubris850 the Martial Artist (level 11, -10/93 HPs)
             Began as a Merfolk Transmuter on Nov 16, 2022.
             Was a High Priest of Ru.
             Mangled by a boulder beetle (16 damage)
             ... on level 2 of the Lair of Beasts.
             The game lasted 00:35:44 (13092 turns).

Hubris850 the Martial Artist (Merfolk Transmuter)  Turns: 13092, Time: 00:35:45

Health: -10/93     AC:  6    Str: 10    XL:     11   Next: 58%
Magic:  0/19       EV: 14    Int: 14    God:    Ru [*****.]
Gold:   582        SH:  0    Dex: 22    Spells: 2/18 levels left

rFire   x x .      SeeInvis .      - Unarmed
rCold   + + .      Faith    .    (shield unavailable)
rNeg    . . .      Spirit   +    (body armour currently unavailable)
rPois   +          Reflect  .    (helmet currently unavailable)
rElec   .          Harm     .    (cloak currently unavailable)
rCorr   .          Rampage  .    (gloves currently unavailable)
Will    .....                    (boots currently unavailable)
Stlth   ++........               F - amulet of guardian spirit
HPRegen 0.35/turn                (ring unavailable)
MPRegen 0.16/turn                q - +6 ring of dexterity

@: mighty, ice-form
A: freezing attack, boosted hp, large, missing a hand, temperature sensitive,
(nimble swimmer 2), (mertail), (deformed body), dopey 1, high MP 1, subdued
magic 1
a: End Transformation, Renounce Religion, Draw Out Power, Power Leap, Apocalypse


You were on level 2 of the Lair of Beasts.
You worshipped Ru.
Ru was extremely pleased with you.
You were a creature of crystalline ice.
You visited 3 branches of the dungeon, and saw 12 of its levels.

You collected 582 gold pieces.

Inventory:

Hand Weapons
 b - a +0 dagger of venom
 x - a +1 shortbow of electrocution
Missiles
 m - 8 atropa-tipped darts
 o - 4 javelins
 r - 4 curare-tipped darts
 s - a throwing net
 u - 20 poisoned darts (quivered)
 G - 7 boomerangs
 I - 5 boomerangs of dispersal
Armour
 a - a +0 robe
 d - a +0 pair of boots (melded)
 g - a +0 ring mail
 v - a +0 pair of gloves (melded)
 H - a +0 cloak (melded)
 J - a +2 robe of cold resistance (melded)
 K - +0 steam dragon scales
 Q - a +2 robe of positive energy
 T - +0 acid dragon scales
Jewellery
 q - a +6 ring of dexterity (right front paw)
 t - a ring of magical power
 F - an amulet of guardian spirit (around neck)
Wands
 w - a wand of light (2)
 A - a wand of charming (18)
 L - a wand of roots (32)
 N - a wand of mindburst (7)
 S - a wand of flame (10)
Scrolls
 e - a scroll of summoning {unknown}
 f - 3 scrolls of magic mapping
 h - a scroll of poison
 i - a scroll of torment
 l - a scroll of enchant armour {unknown}
 n - 4 scrolls of teleportation
 p - 3 scrolls of blinking
 y - 2 scrolls of immolation
 z - a scroll of butterflies {unknown}
 B - 2 scrolls of enchant weapon
 C - 2 scrolls of noise {unknown}
 M - a scroll of amnesia {unknown}
Potions
 c - 3 potions of flight
 j - 2 potions of mutation
 k - a potion of might
 D - a potion of resistance
 E - a potion of ambrosia
 O - a potion of berserk rage
 P - a potion of brilliance
 R - 2 potions of attraction
 U - a potion of heal wounds
 V - 2 potions of curing


   Skills:
 + Level 4.6 Fighting
 - Level 2.0 Throwing
 + Level 6.0 Dodging
 + Level 12.7 Unarmed Combat
 - Level 4.3 Spellcasting
 - Level 4.0 Summonings
 - Level 6.2 Transmutations
 - Level 7.0 Ice Magic
 - Level 8.3 Poison Magic


You had 2 spell levels left.
You knew the following spells:

 Your Spells              Type           Power      Damage    Failure   Level
a - Beastly Appendage     Tmut           30%        N/A       1%          1
b - Spider Form           Tmut/Pois      18%        N/A       1%          3
c - Ice Form              Ice/Tmut       16%        N/A       10%         4
d - Olgreb's Toxic Radia  Pois           20%        N/A       4%          4
e - Summon Ice Beast      Ice/Summ       14%        N/A       17%         4

Your spell library contained the following spells:

 Spells                   Type           Power      Damage    Failure   Level
 Wereblood                Tmut           15%        N/A       1%          2
 Shock                    Conj/Air       8%         1d3       16%         1
 Kindle Blastsparks       Fire/Tloc/Air  4%         2d10      45%         3
 Swiftness                Air            2%         N/A       45%         3
 Tukima's Dance           Hex            2%         N/A       45%         3
 Yara's Violent Unravell  Hex/Tmut       4%         3d4       78%         5
 Airstrike                Air            1%         2d(1-17)  86%         4
 Fulminant Prism          Conj/Hex       1%         3d5       86%         4
 Iskenderun's Mystic Bla  Conj/Tloc      2%         2d3       86%         4
 Passage of Golubria      Tloc           2%         N/A       86%         4
 Summon Mana Viper        Hex/Summ       6%         N/A       91%         5
 Lee's Rapid Deconstruct  Erth           1%         3d4*      99%         5
 Monstrous Menagerie      Summ           5%         N/A       100%        7
 Ozocubu's Refrigeration  Ice            8%         4d9       100%        7
 Ignition                 Fire           1%         3d3       100%        8


Dungeon Overview and Level Annotations

Branches:
Dungeon (9/15)             Temple (1/1) D:5            Lair (2/5) D:9
  Swamp: Lair:2-3    Shoals: Lair:2-3     Snake: Lair:2-3    Spider: Lair:2-3
    Orc: D:9-12

Altars:
Cheibriados
Fedhas
Gozag
Kikubaaqudgha
Makhleb
Nemelex Xobeh
Okawaru
Qazlal
Ru
Sif Muna
Trog
Vehumet
Wu Jian
Yredelemnul
Zin
The Shining One
Jiyva

Shops:
D:6 !((=

Annotations:
D:5 2 transporters, exclusion: oklob plant, baller8008's ghost, amateur AtFi
D:7 2 transporters


Innate Abilities, Weirdness & Mutations

You are a creature of crystalline ice.
You have a powerful freezing melee attack.
Your maximum health is increased.
Your armour is entirely melded.
You are incapable of wielding weapons or throwing items.
You are missing a hand.
You are sensitive to extremes of temperature. (rF-, rC-)
((You are very nimble when in or above water. (Stealth+, EV+, Speed+++)))
((Your lower body shifts to a powerful aquatic tail in water.))
((Armour fits poorly on your strangely shaped body.))
You are dopey. (Int -2)
You have an increased reservoir of magic. (+10% MP)
Your spells are a little easier to cast, but a little less powerful.


Message History

You kill the yak!
The boulder beetle closely misses your ice beast.
Your ice beast hits the boulder beetle but does no damage.
The yak gores you! The yak gores you but does no damage.
You punch the yak! You freeze the yak.
The yak is heavily wounded.
The boulder beetle bites your ice beast!
Your ice beast dies!
Your ice beast disappears in a puff of smoke!
You pummel the yak!! You freeze the yak!
You kill the yak!
The yak barely misses you.
The boulder beetle curls into a ball and begins rolling!
Your Dodging skill increases to level 6!
You punch the yak! You freeze the yak.
The yak is moderately wounded.
You pummel the yak!! You freeze the yak.
You kill the yak!
The yak barely misses you. The yak gores you!
You focus your inner power and slow the yak in retribution!
The yak closely misses you.
You hit the boulder beetle but do no damage.
The boulder beetle is almost dead.
The boulder beetle is stunned by your conviction and fails to attack.
You hit the boulder beetle but do no damage.
The boulder beetle is almost dead.
The boulder beetle looks more healthy.
The yak gores you. The yak gores you!
* * * LOW HITPOINT WARNING * * *
The boulder beetle misses you.
The boulder beetle stops rolling and uncurls.
You hit the boulder beetle. You freeze the boulder beetle.
The boulder beetle is almost dead.
The yak gores you!
* * * LOW HITPOINT WARNING * * *
The yak gores you but does no damage. The yak gores you!
* * * LOW HITPOINT WARNING * * *
You completely miss the boulder beetle.
The boulder beetle is almost dead.
The boulder beetle bites you!
You die...

##..>........
#########............
.....................
..........<..........
####................
#...†............
##....P...........
.###.##†B...............
......YY....#...........
......YY....#...........
####..#.....#...........
#.....................
#$....................
...............
.#........[.....
#.............


You could see a boulder beetle and 3 yaks.

Vanquished Creatures
  A two-headed ogre (D:9)
  Pikel (D:7)
  2 cyclopes (D:9)
  An elephant (D:9)
  Maggie (D:7)
  2 cane toads
  3 hornets
  A troll (D:9)
  A polar bear (Lair:2)
  10 yaks
  5 wyverns
  A basilisk (Lair:1)
  Menkaure (D:7)
  An acid dragon (D:9)
  3 water moccasins
  6 orc warriors
  3 black bears
  An ogre (D:5)
  3 centaurs
  2 lemures (D:7)
  A kobold brigand (D:9)
  3 scorpions
  4 bullfrogs
  A necrophage (D:6)
  A wight (D:9)
  7 killer bees
  An electric eel (Lair:1)
  A vampire bat (D:9)
  A howler monkey (D:7)
  7 jellies
  2 gnoll boudas
  5 hounds
  3 orc priests
  An iguana (D:6)
  8 orc wizards
  9 gnolls
  8 adders
  A shadow imp (D:6)
  3 ufetubi
  2 worms
  A dart slug (D:3)
  27 orcs
  A bat skeleton (D:9)
  3 bat zombies (D:9)
  9 endoplasms
  2 giant cockroaches
  8 goblins
  4 hobgoblins
  7 jackals
  11 kobolds
  6 quokkas
  7 ball pythons
  5 bats
  11 frilled lizards
  9 rats
229 creatures vanquished.

Vanquished Creatures (collateral kills)
  A wraith (D:9)
  A vampire mosquito (D:9)
2 creatures vanquished.

Vanquished Creatures (others)
  A basilisk (D:9)
  A ball python (D:3)
  3 frilled lizards (D:6)
  A fungus (Lair:1)
  5 plants (D:6)
11 creatures vanquished.

Grand Total: 242 creatures vanquished

Notes
Turn   | Place    | Note
-------+----------+-------------------------------------------
     0 | D:1      | Hubris850 the Merfolk Transmuter began the quest for the
                  | Orb.
     0 | D:1      | Reached XP level 1. HP: 15/15 MP: 3/3
   219 | D:1      | Reached XP level 2. HP: 20/21 MP: 5/5
   587 | D:1      | Reached XP level 3. HP: 19/27 MP: 6/6
   634 | D:1      | Learned a level 3 spell: Spider Form
   734 | D:1      | Reached skill level 4 in Unarmed Combat
  1159 | D:2      | HP: 2/40 [poisoned by a goblin]
  1386 | D:2      | Reached XP level 4. HP: 33/33 MP: 7/7
  1450 | D:2      | Reached skill level 5 in Unarmed Combat
  2609 | D:3      | Reached skill level 1 in Poison Magic
  2609 | D:3      | Reached XP level 5. HP: 10/38 MP: 8/8
  3016 | D:3      | Found a basalt altar of Yredelemnul.
  3043 | D:3      | Found a radiant altar of Vehumet.
  3626 | D:4      | Reached XP level 6. HP: 39/44 MP: 9/9
  3668 | D:4      | Reached skill level 1 in Throwing
  3799 | D:4      | Noticed a black bear
  3810 | D:4      | Killed a black bear
  3837 | D:4      | Learned a level 4 spell: Ice Form
  4036 | D:5      | Entered Level 5 of the Dungeon
  4080 | D:5      | Reached skill level 1 in Ice Magic
  4080 | D:5      | Reached XP level 7. HP: 11/50 MP: 11/11
  4446 | D:5      | Found a staircase to the Ecumenical Temple.
  4475 | Temple   | Entered the Ecumenical Temple
  4578 | Temple   | Became a worshipper of Ru the Awakened
  4904 | D:5      | Found a transporter.
  4904 | D:5      | Noticed baller8008's ghost (amateur AtFi)
  4906 | D:5      | Noticed a wyvern
  5452 | D:5      | Reached skill level 6 in Unarmed Combat
  5474 | D:5      | Reached skill level 5 in Transmutations
  5480 | D:5      | HP: 2/50 [poisoned by a killer bee]
  5481 | D:5      | Gained mutation: Your spells are a little easier to cast,
                  | but a little less powerful. [potion of mutation]
  5481 | D:5      | Gained mutation: Armour fits poorly on your strangely
                  | shaped body. [potion of mutation]
  5481 | D:5      | Gained mutation: You are dopey. (Int -2) [potion of
                  | mutation]
  5481 | D:5      | Gained mutation: You have an increased reservoir of magic.
                  | (+10% MP) [potion of mutation]
  5602 | D:5      | Found a snail-covered altar of Cheibriados.
  5662 | D:5      | Identified the +6 spear of Death's Door {freeze, +Blink
                  | rElec Str+4}
  5670 | D:5      | Found a transporter.
  5733 | D:5      | Reached XP level 8. HP: 30/56 MP: 14/14
  5831 | D:5      | Found a blossoming altar of Fedhas.
  6002 | D:5      | Noticed an oklob plant
  6189 | D:6      | Found a stormy altar of Qazlal.
  6421 | D:6      | Found Koc Iniw's Antique Weapon Shoppe.
  6650 | D:6      | Found Yleir Ving's Distillery.
  6750 | D:6      | Gained mutation: You are missing a hand. [Ru sacrifice]
  6750 | D:6      | Reached * piety under Ru
  6750 | D:6      | Reached ** piety under Ru
  6750 | D:6      | Reached *** piety under Ru
  6763 | D:6      | Found Weffatou's Distillery.
  6869 | D:6      | Found Pakhludai's One-of-a-Kind Rings.
  7057 | D:6      | Found Siudgh's Weapon Shoppe.
  7135 | D:7      | Learned a level 4 spell: Olgreb's Toxic Radiance
  7917 | D:7      | Found a transporter.
  7918 | D:7      | Noticed a troll
  7941 | D:7      | Noticed Menkaure
  7953 | D:7      | Killed Menkaure
  7954 | D:7      | Reached skill level 5 in Poison Magic
  8046 | D:7      | Found a transporter.
  8234 | D:7      | Reached XP level 9. HP: 61/61 MP: 16/16
  8444 | D:7      | Noticed Pikel
  8452 | D:7      | Noticed Maggie
  8459 | D:7      | Killed Pikel
  8460 | D:7      | Reached skill level 5 in Ice Magic
  8472 | D:7      | Killed Maggie
  8980 | D:8      | Learned a level 4 spell: Summon Ice Beast
  9227 | D:8      | Reached skill level 1 in Summonings
  9337 | D:8      | Noticed a hornet
  9343 | D:8      | Killed a hornet
  9344 | D:8      | Reached XP level 10. HP: 66/67 MP: 10/18
  9486 | D:8      | Reached skill level 7 in Unarmed Combat
  9763 | D:8      | Found a burning altar of Makhleb.
  9763 | D:8      | Found an opulent altar of Gozag.
  9774 | D:9      | Found a viscous altar of Jiyva.
  9790 | D:9      | Noticed an elephant
  9970 | D:9      | Found a staircase to the Lair.
 10150 | D:9      | Reached skill level 8 in Unarmed Combat
 10158 | D:9      | Killed an elephant
 10403 | D:9      | Gained mutation: You are sensitive to extremes of
                  | temperature. (rF-, rC-) [Ru sacrifice]
 10403 | D:9      | Reached **** piety under Ru
 10403 | D:9      | Reached ***** piety under Ru
 10584 | D:9      | Reached skill level 9 in Unarmed Combat
 10604 | D:9      | Noticed a two-headed ogre
 10616 | D:9      | Killed a two-headed ogre
 10783 | D:9      | Reached skill level 10 in Unarmed Combat
 10790 | D:9      | Noticed a cyclops
 10802 | D:9      | Found an ornate altar of the Wu Jian Council.
 11091 | D:9      | Reached skill level 11 in Unarmed Combat
 11198 | D:9      | Reached XP level 11. HP: 72/72 MP: 7/19
 11202 | D:9      | Noticed a cyclops
 11204 | D:9      | Reached skill level 12 in Unarmed Combat
 11210 | D:9      | Killed a cyclops
 11460 | D:9      | Found an ancient bone altar of Kikubaaqudgha.
 11777 | D:9      | Killed a cyclops
 11955 | Lair:1   | Entered Level 1 of the Lair of Beasts
 12379 | Lair:1   | Reached skill level 5 in Dodging
 13066 | Lair:2   | Noticed a boulder beetle
 13092 | Lair:2   | Mangled by a boulder beetle

Illustrated notes

Levels and vault maps discovered:
D:1:      dpeg_arrival_rooms_with_view, layout_basic
D:2:      layout_basic, minmay_surrounded
D:3:      layout_rooms, mainiacjoe_overflow_two_lobes
D:4:      layout_rooms
D:5:      layout_basic, lemuel_coloured_pillars_altar, tgw_fedhas,
          minmay_temple_entry_slanted, gammafunk_ghost_arena
D:6:      layout_basic, grunt_qazlal_clouds, serial_shops, nicolae_shop_crystal,
          nicolae_shop_bloodbath_and_beyond, shop_fountains,
          nicolae_diamond_shop, nicolae_shop_unique_rings, minmay_lizard_king
D:7:      gammafunk_beogh_shrine, layout_basic, chequers_garden,
          minmay_misc_feat_plants, columned_hall_lemuel, uniq_maggie,
          uniq_pikel, uniq_menkaure
D:8:      layout_loops_ring, gammafunk_temple_overflow_wave
D:9:      nzn_winding_woodlands_small [nzn_winding_woodlands_5x15_pockets,
          nzn_winding_woodlands_center_lodge,
          nzn_winding_woodlands_5x15_longhouse], layout_basic,
          mainiacjoe_overflow_alcove_1, kennysheep_vampire_church,
          david_lair_generic, jiyva_altar_1
Temple:   hc_temple_tempest_star
Lair:1:   layout_gridlike, special_room, infiniplex_staircase_pool
Lair:2:   layout_gridlike, spider_nest_entry_web_field, lemuel_fruit_tree

Skill      XL: |  1  2  3  4  5  6  7  8  9 10 11 |
---------------+----------------------------------+-----
Dodging        | 3 6 |  6.0
Fighting       | 2 4 |  4.6
Unarmed Combat | 4 5 6 11 12 | 12.7
Transmutations | 3 4 5 6 |  6.2
Poison Magic   | 1 2 3 6 8 |  8.3
Throwing       | 1 2 |  2.0
Spellcasting   | 3 4 |  4.3
Ice Magic      | 1 2 3 7 |  7.0
Summonings     | 3 4 |  4.0

Action                   |  1- 3 |  4- 6 |  7- 9 | 10-12 || total
-------------------------+-------+-------+-------+-------++-------
Melee: Unarmed           |   158 |    18 |    64 |   157 ||   397
       Punch             |     5 |    10 |     6 |       ||    21
       Dagger            |       |   167 |   194 |    42 ||   403
 Fire: Shortbow          |       |       |     2 |       ||     2
Throw: Dart              |       |     5 |    20 |    23 ||    48
 Cast: Olgreb's Toxic Ra |       |       |    11 |    16 ||    27
       Ice Form          |       |       |     3 |     9 ||    12
       Summon Ice Beast  |       |       |       |     4 ||     4
Invok: Sacrifice a Hand  |       |       |     1 |       ||     1
       Draw Out Power    |       |       |       |     1 ||     1
       Sacrifice Resista |       |       |       |     1 ||     1
Evoke: Wand              |       |       |     6 |     2 ||     8
  Use: Potion            |     1 |       |     5 |     2 ||     8
       Scroll            |       |       |       |    12 ||    12
 Stab: Sleeping          |       |       |     3 |     1 ||     4
       Distracted        |       |       |     2 |     2 ||     4
       Invisible         |       |       |       |     9 ||     9
       Paralysed         |       |       |       |     2 ||     2
Armor: Robe              |     1 |       |    17 |     7 ||    25
       Ring mail         |    59 |    86 |    40 |       ||   185
       Skin              |     1 |       |     6 |    10 ||    17
Dodge: Dodged            |    97 |   116 |   196 |   100 ||   509

Table legend: (Time is in decaauts)
 A = Elapsed time spent in this place.
 B = Non-inter-level travel time spent in this place.
 C = Inter-level travel time spent in this place.
 D = Time resting spent in this place.
 E = Time spent auto-exploring this place.
 F = Levels seen in this place.
 G = Mean time per level.
                   A        B        C        D        E       F      G
               +--------+--------+--------+--------+--------+-----+--------+
         Total |  13020 |  12646 |    374 |   3054 |   7293 |  12 | 1085.0 |
       Dungeon |  11785 |  11443 |    342 |   2769 |   6618 |   9 | 1309.4 |
        Temple |    112 |    103 |      9 |      0 |      0 |   1 |  112.0 |
          Lair |   1122 |   1099 |     23 |    285 |    674 |   2 |  561.0 |
               +--------+--------+--------+--------+--------+-----+--------+

Top non-repeatable levels by time:
     D:9: 2016 daAuts
     D:5: 1916 daAuts
     D:7: 1665 daAuts
     D:2: 1360 daAuts
     D:1: 1130 daAuts
     D:6: 1115 daAuts
     D:8: 1057 daAuts
  Lair:1: 960 daAuts
     D:3: 845 daAuts
     D:4: 678 daAuts
  Lair:2: 162 daAuts
  Temple: 112 daAuts
